 Dungeon Crawl Stone Soup version 0.16.1-4-g8e1b745 (console) character file.

48 gw the Shooter (level 3, -3/18 HPs)
             Began as a Spriggan Hunter on Mar 26, 2015.
             Slain by a goblin (5 damage)
             ... led by Robin
             ... on level 3 of the Dungeon.
             The game lasted 00:02:09 (2410 turns).

gw the Shooter (Spriggan Hunter)                    Turns: 2410, Time: 00:02:09

Health: -3/18      AC:  2    Str:  8    XL:     3   Next: 50%
Magic:  6/6        EV: 19    Int: 12    God:
Gold:   67         SH:  0    Dex: 17    Spells: 0 memorised, 2 levels left

rFire  . . .     SeeInvis +     a - +0 short sword
rCold  + . .     Clarity  .     d - +0 animal skin
rNeg   . . .     SustAb   .     (shield restricted)
rPois  .         Gourm    .     (helmet restricted)
rElec  .         Spirit   .     (no cloak)
rCorr  .         Warding  .     (gloves unavailable)
rMut   .         Stasis   .     (boots unavailable)
MR     .....                    (no amulet)
Stlth  ++........               (no ring)
                                i - ring of protection from cold

@: very quick, not resistant to hostile enchantments, unstealthy
A: unfitting armour, see invisible, herbivore 3, speed 3, slow metabolism 2
a: no special abilities


You were on level 3 of the Dungeon.
You were not hungry.

You visited 1 branch of the dungeon, and saw 3 of its levels.

You collected 67 gold pieces.

Inventory:

Hand weapons
 a - a +0 short sword (weapon)
 b - a +2 shortbow
Missiles
 c - 34 arrows
Armour
 d - a +0 animal skin (worn)
Jewellery
 i - a ring of protection from cold (left hand)
Scrolls
 e - a scroll of recharging
 j - a scroll of identify
Potions
 g - a potion of ambrosia
Comestibles
 f - 2 bread rations


   Skills:
 + Level 1.7 Fighting
 + Level 1.4 Short Blades
 * Level 5.6 Bows
 + Level 3.8 Dodging
 - Level 1.5 Stealth


You had 2 spell levels left.
You didn't know any spells.

Dungeon Overview and Level Annotations

Branches:
Dungeon (3/15)

Altars:

Annotations:
D:2 exclusion: downstairs
D:3 Robin


Innate Abilities, Weirdness & Mutations

You are tiny and cannot use many weapons and most armour.
You have supernaturally acute eyesight.
You are a herbivore.
You cover ground extremely quickly.
You need consume almost no food.


Message History

You barely miss the bat. The bat completely misses you.
The hobgoblin misses you. The goblin closely misses you.
The goblin closely misses you. x2
Unknown command.
Unknown command.
Unknown command.
Unknown command.
ATTACK MOVE TO (-1,-1)
You barely miss the goblin. The hobgoblin closely misses you.
The goblin completely misses you. The goblin hits you but does no damage.
The goblin completely misses you. Robin misses you.
The goblin closely misses you.
Unknown command.
Unknown command.
Unknown command.
Unknown command.
ATTACK MOVE TO (-1,-1)
You barely miss the goblin. The hobgoblin closely misses you.
The goblin hits you.
You die...

#.# ....(..... .
#.# .........$ ..
#.# ......... #...
#.# ......... .....
#.# #####.##.
#..%..#.# #. #.
#.#..b#.# #. ##
#...(ggg##########
#. #..ggig........#
......gg#########.#
.....gr #.# .......
#.# ....... #.#
...... ######.#
..... #....#.# ....
#....#.# . #....#.#


You could see Robin, 2 hobgoblins, 6 goblins, a bat and a rat.

Table legend:
 A = Turns spent in this place as a percentage of turns spent in the entire game.
 B = Non-inter-level travel turns spent in this place as a percentage of non-inter-level travel turns spent in the entire game.
 C = Inter-level travel turns spent in this place as a percentage of turns spent in this place.
 D = Turns resting spent in this place as a percentage of non-inter-level travel turns spent in this place.
 E = Turns spent auto-exploring this place as a percentage of non-inter-level travel turns spent in this place.
 F = Non-inter-level travel turns spent in this place divided by the number of levels of this place that you've seen.
                   A       B       C       D       E      F
               +-------+-------+-------+-------+-------+----------------------
         Total | 100.0 | 100.0 |   0.1 |   0.8 |   2.5 | 1054.3
       Dungeon | 100.0 | 100.0 |   0.1 |   0.8 |   2.5 | 1054.3
               +-------+-------+-------+-------+-------+----------------------

Table legend:
 A = Kills in this place as a percentage of kills in entire the game.
 B = Kills by you in this place as a percentage of kills by you in the entire game.
 C = Kills by friends in this place as a percentage of kills by friends in the entire game.
 D = Other kills in this place as a percentage of other kills in the entire game.
 E = Experience gained in this place as a percentage of experience gained in the entire game.
 F = Experience gained in this place divided by the number of levels of this place that you have seen.
                   A       B       C       D       E      F
               +-------+-------+-------+-------+-------+----------------------
         Total | 100.0 | 100.0 |  -nan |  -nan | 100.0 |  23.0
       Dungeon | 100.0 | 100.0 |  -nan |  -nan | 100.0 |  23.0
               +-------+-------+-------+-------+-------+----------------------

Vanquished Creatures
  2 adders (D:3)
  5 bats
  3 goblins
  5 hobgoblins
  6 kobolds
  3 giant cockroaches
  3 giant newts
  2 quokkas
  2 rats (D:2)
31 creatures vanquished.

Notes
Turn   | Place    | Note
--------------------------------------------------------------
     0 | D:1      | gw, the Spriggan Hunter, began the quest for the Orb.
     0 | D:1      | Reached XP level 1. HP: 10/10 MP: 2/2
   454 | D:1      | Reached skill level 5 in Bows
   798 | D:1      | Reached XP level 2. HP: 14/14 MP: 4/4
  2218 | D:3      | Reached XP level 3. HP: 15/18 MP: 6/6
  2355 | D:3      | Reached skill level 1 in Short Blades
  2393 | D:3      | Noticed Robin
  2410 | D:3      | Slain by a goblin

Action                   || total
-------------------------++-------
Melee: Short sword       ||    62
 Fire: Shortbow          ||    50
  Use: Scroll            ||     7
       Potion            ||     4
 Stab: Sleeping          ||     1

Vault maps used:
D:1:      elethiomel_arrival_quiet
D:2:      minmay_door_path
D:3:      grunt_qazlal_clouds, first_bread, minmay_liquid_box, uniq_jessica,
          uniq_robin
